 Dungeon Crawl Stone Soup version 0.26-a0-227-g1af32d979d (webtiles) character file.

Game seed: 6940127601473556256

32522 BritishOli the Fighter (level 13, 0/121 HPs)
             Began as a Demonspawn Gladiator on July 7, 2020.
             Was the Champion of Okawaru.
             Slain by a chaos spawn (8 damage)
             ... summoned by an orc sorcerer
             ... on level 13 of the Dungeon.
             The game lasted 00:21:10 (18530 turns).

BritishOli the Fighter (Demonspawn Gladiator)      Turns: 18530, Time: 00:21:10

Health: 0/121      AC: 28    Str: 23    XL:     13   Next: 31%
Magic:  13/13      EV: 16    Int: 11    God:    Okawaru [******]
Gold:   884        SH:  0    Dex: 20    Spells: 12/12 levels left

rFire    . . .     SeeInvis .   R - +2 great sword (distort)
rCold    + . .     Faith    +   (shield currently unavailable)
rNeg     . . .     Spirit   .   U - +8 chain mail "Earthly Heaven" {Str+4}
rPois    +         Reflect  .   (helmet restricted)
rElec    .         Harm     .   k - +2 cloak {rPois}
rCorr    .                      q - +0 pair of gloves
MR       .....                  e - +0 pair of boots
Stlth    ..........             g - amulet of faith
HPRegen  0.30/turn              G - +4 ring of slaying
MPRegen  0.13/turn              P - +6 ring of dexterity

@: no status effects
A: antennae 1, rugged brown scales 2, cold resistance 1, robust 1, spiny 1
a: Heroism, Finesse, Renounce Religion


You were on level 13 of the Dungeon.
You worshipped Okawaru.
Okawaru was exalted by your worship.
You were not hungry.

You visited 2 branches of the dungeon, and saw 14 of its levels.
You visited the Abyss 1 time.
You also visited: Sewer and Ice Cave.

You collected 884 gold pieces.

Inventory:

Hand Weapons
 a - a +0 long sword
 R - a +2 great sword of distortion (weapon)
Missiles
 d - 5 throwing nets (quivered)
Armour
 c - a cursed +0 plate armour
 e - a +0 pair of boots (worn)
 k - a +2 cloak of poison resistance (worn)
 q - a +0 pair of gloves (worn)
 U - the +8 chain mail "Earthly Heaven" (worn) {Str+4}
   (Okawaru gifted it to you on level 11 of the Dungeon)

   It affects your strength (+4).
Jewellery
 g - an amulet of faith (around neck)
 o - an uncursed ring of resist corrosion
 B - an uncursed ring of protection from cold
 G - a +4 ring of slaying (left hand)
 J - an uncursed ring of poison resistance
 P - a +6 ring of dexterity (right hand)
Wands
 p - a wand of acid (6)
 y - a wand of flame (40)
 I - a wand of enslavement (29)
 L - a wand of iceblast (8)
 N - a wand of digging (3)
 Q - a wand of disintegration (6)
Scrolls
 i - 8 scrolls of remove curse
 j - 4 scrolls of enchant armour
 m - 9 scrolls of teleportation
 r - 2 scrolls of enchant weapon {unknown}
 s - a scroll of random uselessness {unknown}
 v - 6 scrolls of fear {unknown}
 z - 3 scrolls of amnesia {unknown}
 C - 3 scrolls of magic mapping {unknown}
 D - 8 scrolls of identify
 H - 3 scrolls of fog {unknown}
 M - a scroll of brand weapon {unknown}
 O - 2 scrolls of immolation {unknown}
 S - a scroll of blinking {unknown}
Potions
 b - 4 potions of lignification
 h - 4 potions of flight
 l - 7 potions of curing
 n - 4 potions of magic {unknown}
 t - 3 potions of heal wounds
 u - 3 potions of brilliance {unknown}
 w - 2 potions of might
 x - a potion of haste {unknown}
 A - 3 potions of stabbing {unknown}
 E - a potion of mutation {unknown}
 F - 2 potions of ambrosia {unknown}
 K - a potion of degeneration {unknown}
 T - a potion of berserk rage {unknown}
Comestibles
 f - 7 rations


   Skills:
 + Level 11.5 Fighting
 + Level 10.8 Long Blades
 - Level 4.0 Throwing
 + Level 10.4 Armour
 + Level 10.8 Dodging


You had 12 spell levels left.
You didn't know any spells.
Your spell library contained the following spells:

 Spells                   Type           Power        Failure   Level
 Freeze                   Ice            #...         89%         1
 Infusion                 Chrm           #...         89%         1
 Sting                    Tmut/Pois      #...         89%         1
 Poisonous Vapours        Pois/Air       #.....       96%         2
 Shroud of Golubria       Chrm/Tloc      #.....       96%         2
 Song of Slaying          Chrm           #.......     96%         2
 Frozen Ramparts          Ice            #.....       99%         3
 Ignite Poison            Fire/Tmut/Pois #.......     99%         3
 Mephitic Cloud           Conj/Pois/Air  #.......     99%         3
 Ozocubu's Armour         Chrm/Ice       #.......     99%         3
 Spectral Weapon          Hex/Chrm       #.......     99%         3
 Olgreb's Toxic Radiance  Pois           #.......     100%        4
 Metabolic Englaciation   Hex/Ice        #.........   100%        5
 Ozocubu's Refrigeration  Ice            #.........   100%        6
 Simulacrum               Ice/Necr       #.........   100%        6


Dungeon Overview and Level Annotations

Branches:
Dungeon (13/15)            Temple (1/1) D:4            Lair (0/6) D:8
    Orc (0/2) D:9           Sewer (visited)           IceCv (visited)
 Vaults: D:13-14

Altars:
Ashenzari
Cheibriados
Dithmenos
Elyvilon
Fedhas
Gozag
Hepliaklqana
Kikubaaqudgha
Makhleb
Nemelex Xobeh
Okawaru
Qazlal
Ru
Sif Muna
Trog
Uskayaw
Vehumet
Wu Jian
Xom
Yredelemnul
Zin
The Shining One

Shops:
D:7 (   D:13 *

Annotations:
D:8 exclusion: ice statue
D:13 3 runed translucent doors, Nuva's ghost, journeyman DDFi


Innate Abilities, Weirdness & Mutations

You have a pair of small antennae on your head.
You are mostly covered in rugged brown scales. (AC +2, +5% HP)
Your flesh is cold resistant. (rC+)
You are robust. (+10% HP)
You are partially covered in sharp spines.


Message History

The wizard hits you but does no damage.
Unknown command.
You slash the wizard!
Space bends around the wizard.
The wizard is almost dead.
The wizard hits you but does no damage.
The orange demon stings you but does no damage.
Unknown command.
You slice the wizard!!
You kill the wizard!
Okawaru accepts your kill. The orange demon stings you from afar.
* * * LOW HITPOINT WARNING * * *
Unknown command.
You slash the hellwing!
The hellwing is moderately wounded.
The hellwing blinks!
The orange demon barely misses you. The chaos spawn hits you.
* * * LOW HITPOINT WARNING * * *
The chaos spawn freezes you! You resist.
You die...

........o..#..#..#'##'##.#
.........9.'..#..#.......# .
...........#..####.......#####...
############.....................
...........................######
....................4......#
................o4.........#
...............#4#'##......#
...............#@9..#....###
...............#....#....#
########......##....#....#
.......#......#.....#....#
.......#......#.....#....#
......##......#######....#
......#..................#
#............##########..#
#...>........#


You could see an orange demon (summoned), a hellwing (summoned), a chaos spawn
(summoned), an orc sorcerer and a gargoyle.

Vanquished Creatures
  A frost giant (IceCv)
  Harold (D:10)
  A vault guard (D:13)
  3 two-headed ogres
  A death yak (IceCv)
  3 tengu warriors
  Nergalle (D:11)
  3 skeletal warriors (D:12)
  An unseen horror (D:12)
  A wizard (D:13)
  2 ugly things
  Joseph (D:8)
  An ice statue (IceCv)
  A kobold demonologist (D:12)
  A queen bee (D:8)
  11 polar bears (IceCv)
  2 trolls
  Grinder (D:5)
  A hornet (D:12)
  2 slime creatures (D:12)
  Prince Ribbit (D:8)
  4 hippogriffs
  3 flying skulls (Abyss:2)
  4 wyverns
  A ynoxinul (Abyss:2)
  18 yaks
  A wraith (D:11)
  A basilisk (D:10)
  A steam dragon (D:8)
  2 wargs (D:8)
  5 orc warriors
  2 water moccasins
  3 ice beasts
  2 black bears
  2 sky beasts
  2 eyes of draining
  5 ogres
  5 phantoms
  10 wolves (IceCv)
  4 centaurs
  2 big kobolds (D:12)
  8 bullfrogs
  2 scorpions
  25 killer bees
  9 wights
  An electric eel (D:6)
  A quasit (D:8)
  3 bullfrog zombies
  8 orc priests
  5 jellies
  3 centaur skeletons
  A hound (D:8)
  8 orc wizards
  A gnoll shaman (D:3)
  A bullfrog skeleton (D:7)
  7 worker ants
  4 iguanas
  A hound zombie (D:9)
  5 gnolls
  A howler monkey skeleton (D:4)
  19 adders
  A river rat (D:3)
  2 shadow imps (D:5)
  16 white imps
  3 ufetubi
  An ooze (D:2)
  3 adder skeletons
  5 worms
  3 dart slugs
  7 leopard geckos
  39 orcs
  6 ball pythons
  3 bats (D:3)
  5 giant cockroaches
  8 goblins
  7 hobgoblins
  23 jackals
  5 quokkas
  6 frilled lizards
  17 kobolds
  A leopard gecko skeleton (D:9)
  7 rats
  A spectral orc (D:4)
  5 plants (Sewer)
404 creatures vanquished.

Vanquished Creatures (others)
  2 skeletal warriors (D:12)
  A slime creature (D:12)
  A manticore (D:13)
  A gargoyle (D:12)
  A troll (D:11)
  4 polar bears (IceCv)
  7 yaks
  A wolf (IceCv)
  A killer bee (D:11)
  2 plants (Sewer)
21 creatures vanquished.

Grand Total: 425 creatures vanquished

Notes
Turn   | Place    | Note
-------+----------+-------------------------------------------
     0 | D:1      | BritishOli the Demonspawn Gladiator began the quest for the
                  | Orb.
     0 | D:1      | Reached XP level 1. HP: 16/16 MP: 1/1
   564 | D:1      | Gained mutation: You have a pair of small antennae on your
                  | head. [demonic ancestry]
   564 | D:1      | Reached XP level 2. HP: 17/22 MP: 2/2
   915 | D:2      | Found an ancient bone altar of Kikubaaqudgha.
   917 | D:2      | Reached skill level 1 in Armour
   917 | D:2      | Gained mutation: You are partially covered in rugged brown
                  | scales. (AC +1, +3% HP) [demonic ancestry]
   917 | D:2      | Reached XP level 3. HP: 11/28 MP: 3/3
  1265 | D:2      | Gained mutation: You are mostly covered in rugged brown
                  | scales. (AC +2, +5% HP) [demonic ancestry]
  1265 | D:2      | Reached XP level 4. HP: 27/35 MP: 4/4
  1584 | D:2      | Found a blossoming altar of Fedhas.
  2285 | D:3      | Gained mutation: You are partially covered in sharp spines.
                  | [demonic ancestry]
  2285 | D:3      | Reached XP level 5. HP: 32/42 MP: 5/5
  2474 | D:3      | Found a glowing drain.
  2478 | Sewer    | Entered a sewer
  2592 | Sewer    | Reached skill level 3 in Fighting
  3866 | D:4      | Found a staircase to the Ecumenical Temple.
  3871 | D:4      | Reached XP level 6. HP: 49/49 MP: 6/6
  3886 | Temple   | Entered the Ecumenical Temple
  4287 | D:4      | Found a hazy altar of Hepliaklqana.
  4414 | D:4      | Reached XP level 7. HP: 35/55 MP: 7/7
  4617 | D:4      | Found a shattered altar of Ashenzari.
  4776 | D:4      | Found a basalt altar of Yredelemnul.
  5055 | D:5      | Entered Level 5 of the Dungeon
  5085 | D:5      | Found an iron altar of Okawaru.
  5096 | D:5      | Became a worshipper of Warmaster Okawaru
  5310 | D:5      | Reached skill level 4 in Fighting
  6024 | D:5      | Noticed Grinder
  6030 | D:5      | Paralysed by Grinder for 4 turns
  6035 | D:5      | Paralysed by Grinder for 6 turns
  6043 | D:5      | Killed Grinder
  6043 | D:5      | Reached * piety under Okawaru
  6043 | D:5      | Reached XP level 8. HP: 30/64 MP: 8/8
  6224 | D:5      | Found an ornate altar of the Wu Jian Council.
  6399 | D:6      | Found an iron altar of Okawaru.
  6808 | D:6      | Found a bloodstained altar of Trog.
  7460 | D:7      | Reached skill level 5 in Fighting
  7496 | D:7      | Reached skill level 5 in Long Blades
  7496 | D:7      | Reached skill level 5 in Dodging
  7608 | D:7      | Reached ** piety under Okawaru
  7849 | D:7      | Found a radiant altar of Vehumet.
  7869 | D:7      | HP: 3/67 [ice beast (11)]
  7875 | D:7      | HP: 3/67 [poisoned by a worker ant]
  7883 | D:7      | HP: 2/67 [poisoned by a worker ant]
  8224 | D:7      | Found Elay's Weapon Shop.
  8311 | D:7      | Gained mutation: You are robust. (+10% HP) [demonic
                  | ancestry]
  8311 | D:7      | Reached XP level 9. HP: 67/79 MP: 9/9
  8600 | D:8      | Noticed Joseph
  8629 | D:8      | Killed Joseph
  8629 | D:8      | Reached skill level 6 in Fighting
  8629 | D:8      | Reached skill level 5 in Armour
  8867 | D:8      | Reached *** piety under Okawaru
  8906 | D:8      | Noticed a queen bee
  8936 | D:8      | Killed a queen bee
  8936 | D:8      | Received a gift from Okawaru
  9297 | D:8      | Noticed Prince Ribbit
  9304 | D:8      | Killed Prince Ribbit
  9304 | D:8      | Reached skill level 7 in Fighting
  9379 | D:8      | Found a staircase to the Lair.
  9404 | D:8      | Reached **** piety under Okawaru
  9703 | D:8      | Reached XP level 10. HP: 71/90 MP: 10/10
 10114 | D:8      | Noticed an ice statue
 10453 | D:8      | Found a shimmering blue altar of Sif Muna.
 10785 | D:9      | Received a gift from Okawaru
 10930 | D:9      | Found a white marble altar of Elyvilon.
 10949 | D:9      | Found a staircase to the Orcish Mines.
 11284 | D:9      | Found a sacrificial altar of Ru.
 11354 | D:9      | Reached skill level 8 in Fighting
 11574 | D:9      | Received a gift from Okawaru
 11823 | D:10     | Entered Level 10 of the Dungeon
 12219 | D:10     | Noticed a two-headed ogre
 12233 | D:10     | Killed a two-headed ogre
 12233 | D:10     | Reached ***** piety under Okawaru
 12532 | D:10     | Noticed Harold
 12554 | D:10     | Killed Harold
 12810 | D:10     | Reached XP level 11. HP: 100/100 MP: 11/11
 13004 | D:10     | Noticed a two-headed ogre
 13015 | D:10     | Killed a two-headed ogre
 13015 | D:10     | Received a gift from Okawaru
 13360 | D:10     | Found a shimmering blue altar of Sif Muna.
 13478 | D:10     | Noticed a tengu warrior
 13489 | D:10     | Killed a tengu warrior
 13489 | D:10     | Reached skill level 9 in Fighting
 14104 | D:11     | Noticed a brown ugly thing
 14110 | D:11     | Killed a brown ugly thing
 14110 | D:11     | Reached ****** piety under Okawaru
 14207 | D:11     | Noticed Nergalle
 14221 | D:11     | Killed Nergalle
 14221 | D:11     | Received a gift from Okawaru
 14232 | D:11     | Got a polished chain mail {god gift}
 14243 | D:11     | Identified the +8 chain mail "Earthly Heaven" {Str+4}
                  | (Okawaru gifted it to you on level 11 of the Dungeon)
 14915 | D:12     | Noticed a two-headed ogre
 14919 | D:12     | Killed a two-headed ogre
 15033 | D:12     | Noticed a sun demon
 15185 | D:12     | Gained mutation: Your flesh is cold resistant. (rC+)
                  | [demonic ancestry]
 15185 | D:12     | Reached XP level 12. HP: 105/111 MP: 12/12
 15321 | D:12     | Reached skill level 10 in Fighting
 16079 | D:13     | Found a runed translucent gate.
 16079 | D:13     | Found a runed translucent gate.
 16079 | D:13     | Found a runed translucent gate.
 16080 | D:13     | Found an opulent altar of Gozag.
 16081 | D:13     | Noticed a tengu warrior
 16081 | D:13     | Noticed Nuva's ghost (journeyman DDFi)
 16081 | D:13     | Noticed an iron dragon
 16327 | D:13     | Found Cianiser's Assorted Antiques.
 16399 | D:13     | Noticed a vault guard
 16423 | D:13     | Found a frozen archway.
 16528 | IceCv    | Entered an ice cave
 16674 | IceCv    | Reached skill level 10 in Long Blades
 16674 | IceCv    | Reached skill level 10 in Dodging
 16763 | IceCv    | Received a gift from Okawaru
 16995 | IceCv    | Received a gift from Okawaru
 17126 | IceCv    | Noticed a death yak
 17133 | IceCv    | Killed a death yak
 17142 | IceCv    | Reached skill level 11 in Fighting
 17155 | IceCv    | Reached skill level 10 in Armour
 17301 | IceCv    | Noticed a frost giant
 17308 | IceCv    | Reached XP level 13. HP: 116/121 MP: 13/13
 17313 | IceCv    | Received a gift from Okawaru
 17319 | IceCv    | Killed a frost giant
 17604 | IceCv    | Identified Xoluf's Handbook of the Glacier
 18439 | D:13     | Cast into level 2 of the Abyss (a wizard)
 18494 | D:13     | Escaped the Abyss
 18504 | D:13     | Paralysed by an orc sorcerer for 2 turns
 18523 | D:13     | Paralysed by an orc sorcerer for 4 turns
 18530 | D:13     | Slain by a chaos spawn

Illustrated notes

Levels and vault maps discovered:
D:1:      matt_arrival_grand_opening, layout_loops_ring, grunt_decor_resistance
D:2:      kennysheep_six_static_rooms, layout_rooms, lemuel_crystal_altar,
          lemuel_crystal_altar
D:3:      layout_rooms, gup_sewer_entry_bowl
D:4:      layout_rooms, ashenzari_conservatory_becter,
          yredelemnul_forgotten_temple_becter, nicolae_overflow_hidden_temple,
          minmay_temple_entry_statues_fountains, first_ration,
          minmay_goblin_kobold_house
D:5:      layout_loops_ring, okawaru_gym_becter, basic_altar, uniq_grinder
D:6:      layout_gridville, kennysheep_little_box, minivault_4,
          grunt_decor_fettered, lemuel_altar_in_water
D:7:      layout_basic, vehumet_altar_wand_db, serial_shops,
          nicolae_shop_crystal
D:8:      lemuel_ice_statue, layout_basic, kennysheep_mini_moat,
          erik_lair_orcish_takeover, david_nohive_1, uniq_joseph,
          uniq_prince_ribbit1
D:9:      layout_loops_ring, lemuel_round_altar,
          nicolae_ru_the_path_less_chosen, item_on_display_a
D:10:     layout_gridville, basic_altar, uniq_harold
D:11:     layout_roguey, uniq_nergalle
D:12:     layout_gridville
D:13:     layout_irregular_city, grunt_vaults_entry_fortified,
          ebering_ghost_gozag, portal_ice_cave_entry_imps, lightli_wizard_tower
Temple:   minmay_freezing_vapour_temple

Skill      XL: |  1  2  3  4  5  6  7  8  9 10 11 12 |
---------------+-------------------------------------+-----
Throwing       | 2 3 4 |  4.0
Long Blades    | 3 4 5 6 8 9 10 | 10.8
Armour         | 1 2 3 4 6 7 8 10 | 10.4
Dodging        | 3 4 5 6 8 9 10 | 10.8
Fighting       | 3 4 5 7 8 9 11 | 11.5

Action                   |  1- 3 |  4- 6 |  7- 9 | 10-12 | 13-15 || total
-------------------------+-------+-------+-------+-------+-------++-------
Melee: Long sword        |    58 |   411 |   294 |   207 |       ||   970
       Great sword       |       |       |       |   262 |    55 ||   317
Throw: Throwing net      |       |       |     3 |       |       ||     3
  Use: Scroll            |     2 |       |     6 |       |       ||     8
 Stab: Held in net/web   |       |       |     2 |       |       ||     2
  Eat: Ration            |     1 |     3 |     4 |     7 |     1 ||    16
Armor: Scale mail        |    33 |   140 |   155 |   152 |       ||   480
       Leather armour    |     5 |       |       |       |       ||     5
       Chain mail        |       |       |       |   200 |   109 ||   309
Dodge: Dodged            |    26 |   222 |   183 |   420 |   111 ||   962
       Rpst.: Long sword |    12 |    59 |    58 |    49 |       ||   178
       Great sword       |       |       |       |    61 |    20 ||    81

Table legend:
 A = Non-vault XP
 B = Vault XP
 C = Vault XP percentage of total XP
 D = Non-vault monster count
 E = Vault monster count
 F = Vault count percentage of total count
                 A         B        C        D         E       F
            +---------+---------+-------+---------+---------+-------
      Total |   27667 |   18793 |  40.4 |     289 |     129 |  30.9
            +---------+---------+-------+---------+---------+-------
        D:1 |      14 |       0 |   0.0 |       8 |       0 |   0.0
        D:2 |     112 |      53 |  32.1 |      19 |       5 |  20.8
        D:3 |     176 |      21 |  10.7 |      26 |       4 |  13.3
        D:4 |     339 |      13 |   3.7 |      24 |       7 |  22.6
        D:5 |     443 |     295 |  40.0 |      32 |       1 |   3.0
        D:6 |     119 |       0 |   0.0 |       6 |       0 |   0.0
        D:7 |    1137 |     127 |  10.0 |      20 |       2 |   9.1
        D:8 |     858 |    2470 |  74.2 |      21 |      25 |  54.3
        D:9 |    2338 |       0 |   0.0 |      31 |       0 |   0.0
       D:10 |    5033 |    1018 |  16.8 |      33 |       1 |   2.9
       D:11 |    2600 |     824 |  24.1 |      18 |       1 |   5.3
       D:12 |    9117 |       0 |   0.0 |      35 |       0 |   0.0
       D:13 |    4473 |    1599 |  26.3 |      12 |      14 |  53.8
    Abyss:2 |     908 |       0 |   0.0 |       4 |       0 |   0.0
      Sewer |       0 |      82 | 100.0 |       0 |      23 | 100.0
      IceCv |       0 |   12291 | 100.0 |       0 |      46 | 100.0
            +---------+---------+-------+---------+---------+-------
